 Dungeon Crawl Stone Soup version 0.24-a0-250-g6074511 (webtiles) character file.

Game seed: 786131625065949538

800 Borgoz the Cutter (level 8, -1/49 HPs)
             Began as a Kobold Fighter on Apr 14, 2019.
             Slain by a killer bee (8 damage)
             ... on level 4 of the Dungeon.
             The game lasted 00:08:21 (5473 turns).

Borgoz the Cutter (Kobold Fighter)                  Turns: 5473, Time: 00:08:22

Health: -1/49      AC: 11    Str: 16    XL:     8   Next: 13%
Magic:  8/8        EV: 14    Int:  9    God:
Gold:   226        SH:  0    Dex: 16    Spells: 7/7 levels left

rFire    . . .     SeeInvis +   a - +1 dagger (speed)
rCold    . . .     Gourm    .   (shield restricted)
rNeg     . . .     Faith    .   d - +3 scale mail {MR+}
rPois    .         Spirit   .   l - +0 helmet
rElec    .         Reflect  .   (no cloak)
rCorr    .         Harm     .   (no gloves)
MR       +++..                  (no boots)
Stlth    ++........             (no amulet)
HPRegen  0.16/turn              b - ring of protection from magic
MPRegen  0.11/turn              w - ring of see invisible

@: lethally poisoned (-1 -> -2), flying, very slightly contaminated
A: small, talons 1, carnivore, magic resistance 1, sense surroundings 1, strong
1
a: no special abilities


You were on level 4 of the Dungeon.
You were full.

You visited 1 branch of the dungeon, and saw 5 of its levels.

You collected 226 gold pieces.

Inventory:

Hand Weapons
 a - a +1 dagger of speed (weapon)
 h - a +0 rapier
Armour
 c - a +0 shield
 d - a +3 scale mail of magic resistance (worn)
 l - a +0 helmet (worn)
Jewellery
 b - a ring of protection from magic (left hand)
 t - an uncursed ring of magical power
 w - a ring of see invisible (right hand)
Scrolls
 e - 3 scrolls of amnesia {unknown}
 g - 3 scrolls of enchant armour {unknown}
 i - 2 scrolls of remove curse {unknown}
 j - 3 scrolls of enchant weapon {unknown}
 k - 3 scrolls of identify {unknown}
 o - a scroll of fog {unknown}
 p - a scroll of fear {unknown}
 q - a scroll of immolation {unknown}
 u - a scroll of teleportation {unknown}
Comestibles
 f - 9 rations


   Skills:
 + Level 5.2 Fighting
 + Level 5.6 Short Blades
 + Level 4.0 Armour
 + Level 4.3 Dodging
 - Level 5.1 Stealth
 - Level 2.4 Shields


You had 7 spell levels left.
You didn't know any spells.
Your spell library was empty.

Dungeon Overview and Level Annotations

Branches:
Dungeon (5/15)
 Temple: D:4-7

Altars:
Qazlal
Ru
The Shining One


Innate Abilities, Weirdness & Mutations

You are small and have problems with some larger weapons.
You are carnivorous and can eat meat at any time.
You have sharp toenails.
You are resistant to hostile enchantments. (MR+)
You passively map a small area around you.
Your muscles are strong. (Str +2)


Message History

The killer bee stings you but does no damage.
The killer bee stings you.
* * * LOW HITPOINT WARNING * * *
The killer bee completely misses you. The killer bee barely misses you. x2
You fly upwards.
There is a stone staircase leading down here.
You feel sick. The killer bee misses you. x3
The killer bee stings you but does no damage.
The killer bee misses you.
The killer bee stings you but does no damage.
The killer bee barely misses you.
The killer bee stings you but does no damage.
The killer bee completely misses you. The killer bee barely misses you. x2
You feel sick. The killer bee closely misses you.
The killer bee stings you but does no damage.
The killer bee stings you but does no damage.
The killer bee closely misses you. The killer bee misses you.
The killer bee stings you!
You die...

#######.# .#
##.########## .#
#...........#
.#####...........#
.................#
..............[..#
.................#####
...............y.....#
...............y@.##.#
.##............y..##.#
.##...............##.#
..........>.....#.##.#
........)............#
.....................#
.....................#
#...............(....#
.....................#


You could see 3 killer bees.

Vanquished Creatures
  An ice beast (D:5)
  A phantom (D:5)
  A killer bee (D:5)
  A bullfrog zombie (D:5)
  2 crimson imps (D:5)
  3 orc priests
  An orc wizard (D:4)
  A centaur skeleton (D:4)
  3 worker ants
  Jessica (D:3)
  Ijyb (D:3)
  Terence (D:2)
  Robin (D:3)
  4 adders
  A shadow imp (D:5)
  3 oozes
  A worm (D:2)
  2 leopard geckos
  5 orcs
  15 bats
  6 giant cockroaches
  17 goblins
  9 hobgoblins
  7 jackals (D:3)
  4 quokkas
  A ball python (D:3)
  3 frilled lizards
  12 kobolds
  10 rats
118 creatures vanquished.

Notes
Turn   | Place    | Note
-------+----------+-------------------------------------------
     0 | D:1      | Borgoz the Kobold Fighter began the quest for the Orb.
     0 | D:1      | Reached XP level 1. HP: 14/14 MP: 1/1
    58 | D:1      | Reached XP level 2. HP: 19/19 MP: 2/2
    76 | D:1      | Reached skill level 1 in Stealth
   265 | D:1      | Reached skill level 1 in Dodging
   269 | D:1      | Reached XP level 3. HP: 23/23 MP: 3/3
   989 | D:2      | Reached XP level 4. HP: 29/29 MP: 4/4
  1527 | D:2      | Found a sacrificial altar of Ru.
  1740 | D:2      | Noticed Terence
  1786 | D:2      | Killed Terence
  2094 | D:3      | Reached XP level 5. HP: 32/33 MP: 5/5
  2133 | D:3      | Noticed Robin
  2198 | D:3      | Killed Robin
  2472 | D:3      | Noticed Ijyb
  2497 | D:3      | Killed Ijyb
  2564 | D:3      | Reached XP level 6. HP: 25/38 MP: 6/6
  2833 | D:3      | Noticed Jessica
  2853 | D:3      | Killed Jessica
  3591 | D:4      | Reached XP level 7. HP: 15/44 MP: 7/7
  3930 | D:4      | Found a stormy altar of Qazlal.
  4161 | D:5      | Entered Level 5 of the Dungeon
  4461 | D:5      | Found a glowing golden altar of the Shining One.
  4579 | D:5      | Reached skill level 5 in Short Blades
  4834 | D:5      | Reached skill level 5 in Fighting
  5082 | D:5      | HP: 2/44 [ice beast (14)]
  5083 | D:5      | Reached skill level 5 in Stealth
  5083 | D:5      | Reached XP level 8. HP: 3/49 MP: 8/8
  5455 | D:5      | Gained mutation: Your muscles are strong. (Str +2) [potion
                  | of mutation]
  5455 | D:5      | Gained mutation: You have sharp toenails. [potion of
                  | mutation]
  5455 | D:5      | Gained mutation: You are resistant to hostile enchantments.
                  | (MR+) [potion of mutation]
  5455 | D:5      | Gained mutation: You passively map a small area around you.
                  | [potion of mutation]
  5473 | D:4      | Slain by a killer bee

Levels and vault maps discovered:
D:1:      minmay_arrival_glassed_features, layout_loops_corners
D:2:      layout_rooms, nicolae_ru_awakened_eye, uniq_terence
D:3:      layout_basic, minivault_23, uniq_robin, uniq_ijyb, uniq_jessica
D:4:      layout_basic, lemuel_round_altar, first_ration,
          hangedman_abyss_or_decor_jellyfish_corner
D:5:      layout_rooms, dk_noncrumbling_4, nicolae_tso_carved_into_rock

Skill      XL: |  1  2  3  4  5  6  7  8 |
---------------+-------------------------+-----
Short Blades   | 3 4 5 |  5.6
Stealth        | 1 2 3 4 5 |  5.1
Dodging        | 1 2 3 4 |  4.3
Fighting       | 4 5 |  5.2
Armour         | 3 4 |  4.0
Shields        | |  2.4

Action                   |  1- 3 |  4- 6 |  7- 9 || total
-------------------------+-------+-------+-------++-------
Melee: Rapier            |    99 |   168 |       ||   267
       Dagger            |       |   235 |   307 ||   542
Evoke: Wand              |       |     6 |       ||     6
  Use: Potion            |       |     2 |     4 ||     6
       Scroll            |       |       |     1 ||     1
 Stab: Invisible         |       |     1 |       ||     1
       Sleeping          |       |     1 |       ||     1
  Eat: Chunk             |     8 |     8 |     5 ||    21
Armor: Scale mail        |    43 |   155 |    65 ||   263
Dodge: Dodged            |    62 |   223 |   110 ||   395

Table legend:
 A = Non-vault XP
 B = Vault XP
 C = Vault XP percentage of total XP
 D = Non-vault monster count
 E = Vault monster count
 F = Vault count percentage of total count
                 A         B        C        D         E       F
            +---------+---------+-------+---------+---------+-------
      Total |     999 |     145 |  12.7 |     103 |      15 |  12.7
            +---------+---------+-------+---------+---------+-------
        D:1 |      49 |       0 |   0.0 |      29 |       0 |   0.0
        D:2 |      47 |      36 |  43.4 |      18 |       1 |   5.3
        D:3 |     124 |     109 |  46.8 |      35 |      14 |  28.6
        D:4 |     229 |       0 |   0.0 |      11 |       0 |   0.0
        D:5 |     550 |       0 |   0.0 |      10 |       0 |   0.0
            +---------+---------+-------+---------+---------+-------
